 Dungeon Crawl Stone Soup version 0.26-a0-362-g1d9a9cd4fa (webtiles) character file.

Game seed: 3493301479824316175

170 BritishOli the Skirmisher (level 5, -6/42 HPs)
             Began as a Demonspawn Fighter on July 18, 2020.
             Mangled by an ogre
             ... wielding a +0 giant spiked club
              (22 damage)
             ... on level 4 of the Dungeon.
             The game lasted 00:02:39 (2976 turns).

BritishOli the Skirmisher (Demonspawn Fighter)      Turns: 2976, Time: 00:02:40

Health: -6/42      AC: 11    Str: 17    XL:     5   Next: 25%
Magic:  5/5        EV:  7    Int:  9    God:
Gold:   253        SH: 10    Dex: 13    Spells: 4/4 levels left

rFire    . . .     SeeInvis .   a - +1 long sword
rCold    . . .     Faith    .   c - +1 kite shield
rNeg     . . .     Spirit   .   b - +0 scale mail
rPois    .         Reflect  .   s - +0 helmet
rElec    .         Harm     .   (no cloak)
rCorr    .                      p - +0 pair of gloves
MR       .....                  (no boots)
Stlth    ..........             t - amulet of inaccuracy (curse)
HPRegen  0.14/turn              r - ring of flight
MPRegen  0.09/turn              (no ring)

@: no status effects
A: talons 2, icy blue scales 1
a: Evoke Flight


You were on level 4 of the Dungeon.
You visited 1 branch of the dungeon, and saw 4 of its levels.

You collected 253 gold pieces.

Inventory:

Hand Weapons
 a - a +1 long sword (weapon)
Missiles
 g - 5 javelins (quivered)
Armour
 b - a +0 scale mail (worn)
 c - a +1 kite shield (worn)
 p - a +0 pair of gloves (worn)
 s - a +0 helmet (worn)
Jewellery
 r - a ring of flight (left hand)
 t - a cursed amulet of inaccuracy (around neck)
Scrolls
 f - 3 scrolls of amnesia
 h - 2 scrolls of fear
 k - 4 scrolls of blinking
 l - a scroll of noise
 o - a scroll of teleportation
 q - 4 scrolls of remove curse {unknown}
 v - 2 scrolls of identify
 w - a scroll of enchant armour
Potions
 d - a potion of might
 e - a potion of ambrosia {unknown}
 i - a potion of degeneration {unknown}
 j - a potion of heal wounds {unknown}
 m - a potion of magic {unknown}
 n - 3 potions of haste {unknown}
 u - 2 potions of flight {unknown}


   Skills:
 + Level 3.9 Fighting
 + Level 2.9 Long Blades
 + Level 3.5 Armour
 + Level 3.5 Shields


You had 4 spell levels left.
You didn't know any spells.
Your spell library was empty.

Dungeon Overview and Level Annotations

Branches:
Dungeon (4/15)
 Temple: D:4-7

Altars:
Dithmenos
Fedhas

Shops:
D:4 (


Innate Abilities, Weirdness & Mutations

You have razor-sharp toenails.
You are partially covered in icy blue scales. (AC +2)


Message History

The ogre hits you with a +0 giant spiked club!
You are too injured to fight recklessly!
You are too injured to fight recklessly!
You hit the ogre. You claw the ogre.
The ogre is severely wounded.
The ogre hits you with a +0 giant spiked club.
You hit the ogre.
The ogre is severely wounded.
You block the ogre's attack.
You completely miss the ogre.
The ogre is severely wounded.
You block the ogre's attack.
You completely miss the ogre.
The ogre is severely wounded.
You block the ogre's attack.
You hit the ogre but do no damage. Your kick misses the ogre.
The ogre is severely wounded.
The ogre hits you with a +0 giant spiked club!!
Ouch! That really hurt!
You die...

########.#
#.@O.....#
#.#################
#.# #..............
#.# #.#############
#.# #.......# #.#
#######.# #.# #.#
#.#########.#
#.........#.#


You could see an ogre.

Vanquished Creatures
  A hound (D:4)
  A worker ant (D:4)
  2 adders (D:3)
  2 oozes
  3 dart slugs
  4 leopard geckos
  10 orcs
  7 bats
  3 giant cockroaches
  7 goblins
  7 hobgoblins
  3 quokkas (D:2)
  A ball python (D:1)
  3 frilled lizards (D:1)
  A jackal skeleton (D:4)
  10 kobolds
  8 rats
73 creatures vanquished.

Notes
Turn   | Place    | Note
-------+----------+-------------------------------------------
     0 | D:1      | BritishOli the Demonspawn Fighter began the quest for the
                  | Orb.
     0 | D:1      | Reached XP level 1. HP: 18/18 MP: 1/1
    87 | D:1      | Gained mutation: You have sharp toenails. [demonic
                  | ancestry]
    87 | D:1      | Reached XP level 2. HP: 14/24 MP: 2/2
   508 | D:1      | Reached XP level 3. HP: 28/29 MP: 3/3
  1710 | D:3      | Found a shadowy altar of Dithmenos.
  1796 | D:3      | Gained mutation: You are partially covered in icy blue
                  | scales. (AC +2) [demonic ancestry]
  1796 | D:3      | Reached XP level 4. HP: 27/35 MP: 4/4
  2644 | D:4      | Gained mutation: You have razor-sharp toenails. [demonic
                  | ancestry]
  2644 | D:4      | Reached XP level 5. HP: 26/42 MP: 5/5
  2793 | D:4      | Found Ekhas's Antique Weapon Emporium.
  2849 | D:4      | Found a blossoming altar of Fedhas.
  2965 | D:4      | Noticed an ogre
  2976 | D:4      | Mangled by an ogre

Illustrated notes

Levels and vault maps discovered:
D:1:      lightli_iron_boxes, layout_rooms, minmay_octomino_e4
D:2:      layout_basic
D:3:      layout_basic, grunt_dithmenos_smoke, small_statue_intersection
D:4:      layout_basic, serial_shops, shop_fountains, fedhas_altar_1, uniq_ijyb

Skill      XL: |  1  2 |
---------------+-------+-----
Long Blades    | 2 |  2.9
Armour         | 3 |  3.5
Shields        | 3 |  3.5
Fighting       | |  3.9

Action                   |  1- 3 |  4- 6 || total
-------------------------+-------+-------++-------
Melee: Long sword        |   134 |    90 ||   224
       Kick              |    22 |    17 ||    39
  Use: Scroll            |     7 |       ||     7
Armor: Scale mail        |    72 |    45 ||   117
Dodge: Dodged            |    50 |    26 ||    76
Block: Kite shield       |    63 |    47 ||   110
       Rpst.: Long sword |    18 |     7 ||    25

Table legend:
 A = Non-vault XP
 B = Vault XP
 C = Vault XP percentage of total XP
 D = Non-vault monster count
 E = Vault monster count
 F = Vault count percentage of total count
                 A         B        C        D         E       F
            +---------+---------+-------+---------+---------+-------
      Total |     238 |       5 |   2.1 |      69 |       4 |   5.5
            +---------+---------+-------+---------+---------+-------
        D:1 |      49 |       5 |   9.3 |      26 |       4 |  13.3
        D:2 |      29 |       0 |   0.0 |      15 |       0 |   0.0
        D:3 |      61 |       0 |   0.0 |      18 |       0 |   0.0
        D:4 |      99 |       0 |   0.0 |      10 |       0 |   0.0
            +---------+---------+-------+---------+---------+-------
